 Dungeon Crawl Stone Soup version 0.29-a0-824-gd827844252 (webtiles) character file.

Game seed: 846488973281980590

55 indigestion the Firebug (level 3, 0/24 HPs)
             Began as a Demonspawn Fire Elementalist on July 11, 2022.
             Succumbed to an adder's poison
             ... on level 3 of the Dungeon.
             The game lasted 00:06:49 (3603 turns).

indigestion the Firebug (DsFE)                      Turns: 3603, Time: 00:06:49

Health: 0/24       AC:  9    Str:  8    XL:     3   Next: 67%
Magic:  6/6        EV:  3    Int: 18    God:
Gold:   113        SH:  4    Dex: 13    Spells: 5/6 levels left

rFire   . . .      SeeInvis .   u - +4 dagger
rCold   . . .      Faith    .   (no shield)
rNeg    + . .      Spirit   .   s - +1 chain mail of Magic {Stlth+}
rPois   .          Reflect  .   (no helmet)
rElec   .          Harm     .   (no cloak)
rCorr   .          Rampage  .   (no gloves)
Will    .....                   (no boots)
Stlth   ..........              (no amulet)
HPRegen 0.08/turn               m - ring of positive energy
MPRegen 0.10/turn               (no ring)

@: lethally poisoned (0 -> -1)
A: condensation shield
a: no special abilities


You were on level 3 of the Dungeon.
You visited 1 branch of the dungeon, and saw 3 of its levels.

You collected 113 gold pieces.

Inventory:

Hand Weapons
 e - a +0 club
 f - a +0 hand axe
 u - a +4 dagger (weapon)
Armour
 a - a +0 robe
 s - the +1 chain mail of Magic (worn) {Stlth+}
   (You found it on level 2 of the Dungeon)

   Stlth:     It makes you more stealthy.
Jewellery
 m - a ring of positive energy (left hand)
 v - a ring of flight
 w - a +4 ring of evasion
Scrolls
 d - 3 scrolls of identify {unknown}
 g - 3 scrolls of immolation {unknown}
 h - a scroll of enchant weapon {unknown}
 k - a scroll of vulnerability {unknown}
 o - a scroll of teleportation {unknown}
 r - a scroll of noise {unknown}
Potions
 b - a potion of magic
 c - 2 potions of attraction {unknown}
 i - a potion of lignification {unknown}
 j - a potion of berserk rage {unknown}
 l - a potion of brilliance {unknown}
 n - 2 potions of might {unknown}
 p - 2 potions of curing {unknown}
 q - a potion of ambrosia {unknown}
 t - a potion of haste {unknown}


   Skills:
 + Level 0.2 Armour
 - Level 2.2 Dodging
 - Level 2.3 Stealth
 + Level 2.4 Spellcasting
 + Level 1.8 Conjurations
 + Level 3.0 Fire Magic


You had 5 spell levels left.
You knew the following spells:

 Your Spells              Type           Power      Damage    Failure   Level
a - Foxfire               Conj/Fire      40%        2x1d6     100%        1

Your spell library contained the following spells:

 Spells                   Type           Power      Damage    Failure   Level
 Scorch                   Fire           26%        2d6       100%        2
 Conjure Flame            Conj/Fire      10%        6-21      100%        3
 Inner Flame              Hex/Fire       7%         N/A       100%        3
 Portal Projectile        Hex/Tloc       4%         N/A       100%        3
 Tukima's Dance           Hex            2%         N/A       100%        3
 Flame Wave               Conj/Fire      10%        2d5       100%        4
 Blade Hands              Tmut           1%         N/A       100%        5


Dungeon Overview and Level Annotations

Branches:
Dungeon (3/15)

Altars:
Fedhas
Gozag
Hepliaklqana
Xom

Annotations:
D:3 3 runed translucent doors, coolguy69's ghost, amateur VSMo


Innate Abilities, Weirdness & Mutations

A meltable shield of frost defends you. (SH +4)


Message History

The adder bites you but does no damage.
You completely miss the adder.
The adder is lightly wounded.
The adder bites you.
You are poisoned.
The adder poisons you!
You hit the adder but do no damage.
The adder is lightly wounded.
You feel sick. The adder bites you but does no damage.
The frilled lizard attacks as you move away!
The frilled lizard bites you but does no damage.
You feel sick. You block the adder's attack.
You feel sick.
You feel sick. You block the adder's attack.
The adder attacks as you move away! The adder bites you but does no damage.
You feel sick. The adder completely misses you.
You feel sick. The adder attacks as you move away!
The adder bites you but does no damage.
You feel sick.
You are no longer poisoned.
You block the adder's attack. The adder attacks as you move away!
The adder bites you.
* * * LOW HITPOINT WARNING * * *
You are poisoned.
The adder poisons you!
* * * LOW HITPOINT WARNING * * *
You feel sick.
You hit the adder.
The adder is severely wounded.
* * * LOW HITPOINT WARNING * * *
You feel sick. The adder bites you but does no damage.
You closely miss the adder.
The adder is severely wounded.
* * * LOW HITPOINT WARNING * * *
You feel sick. The adder bites you.
* * * LOW HITPOINT WARNING * * *
The adder bites you but does no damage.
You closely miss the adder.
The adder is severely wounded.
You die...

#........#Sr$..###.###.##..
#...##...+W...8# #....)...#
#.≈.##...+._8.∩# #####.##)#
#.≈.###..+....8######......
#.≈.# #..#.$..∩#.#.##......
#.≈.# #..##.8∩##..#.#.#...#
#...# ##########.###.......
##...######### #.##
##.....# ####..≈....lJS@.#
##.###..#####
......≈.#..####.# ##.#####
# #####.≈.#..# .# ###
#.≈.#.... .# #...#.##.# .#
#...#.# .# .# ..._.#.. . .#
......#.. ...# .........


You could see an adder, an endoplasm and a frilled lizard.

Vanquished Creatures
  A worm (D:2)
  A dart slug (D:1)
  3 orcs
  6 ball pythons
  2 endoplasms
  4 goblins
  4 hobgoblins
  2 jackals (D:1)
  5 quokkas
  8 bats
  2 frilled lizards
  3 kobolds
  A rat (D:2)
42 creatures vanquished.

Vanquished Creatures (others)
  73 foxfires
73 creatures vanquished.

Grand Total: 115 creatures vanquished

Notes
Turn   | Place    | Note
-------+----------+-------------------------------------------
     0 | D:1      | indigestion the Demonspawn Fire Elementalist began the
                  | quest for the Orb.
     0 | D:1      | Reached XP level 1. HP: 13/13 MP: 3/3
   427 | D:1      | Gained mutation: A meltable shield of frost defends you.
                  | (SH +4) [demonic ancestry]
   427 | D:1      | Reached XP level 2. HP: 16/19 MP: 5/5
  2047 | D:2      | Reached XP level 3. HP: 24/24 MP: 4/6
  2124 | D:2      | Reached skill level 3 in Fire Magic
  2696 | D:2      | Identified the +1 chain mail of Magic {Stlth+}
  3341 | D:3      | Found a hazy altar of Hepliaklqana.
  3342 | D:3      | Found a shimmering altar of Xom.
  3343 | D:3      | Noticed a spectral ugly thing
  3343 | D:3      | Noticed a hell beast
  3404 | D:3      | Found a runed translucent gate.
  3405 | D:3      | Found a runed translucent gate.
  3405 | D:3      | Found a runed translucent gate.
  3406 | D:3      | Found an opulent altar of Gozag.
  3407 | D:3      | Noticed coolguy69's ghost (amateur VSMo)
  3582 | D:3      | Found a blossoming altar of Fedhas.
  3602 | D:3      | HP: 1/24 [adder (1)]
  3603 | D:3      | Succumbed to an adder's poison

Illustrated notes

Levels and vault maps discovered:
D:1:      elethiomel_arrival_maze, layout_basic
D:2:      layout_loops_ring
D:3:      layout_loops_cross, regret_index_temple_of_mockery,
          mainiacjoe_overflow_boulevard, ebering_ghost_gozag,
          cheibrodos_sewer_entry_bend, kennysheep_generic_room_6, uniq_sigmund

Skill      XL: |  1  2  3 |
---------------+----------+-----
Stealth        | 2 |  2.3
Dodging        | 2 |  2.2
Fire Magic     | 3 |  3.0
Armour         | |  0.2
Spellcasting   | |  2.4
Conjurations   | |  1.8

Action                   || total
-------------------------++-------
Melee: Unarmed           ||    31
       Punch             ||     2
       Hand axe          ||    82
       Dagger            ||    27
 Cast: Foxfire           ||    41
 Stab: Sleeping          ||     5
Armor: Robe              ||    33
       Chain mail        ||    39
Dodge: Dodged            ||   108
Block: Other             ||    27

Table legend: (Time is in decaauts)
 A = Elapsed time spent in this place.
 B = Non-inter-level travel time spent in this place.
 C = Inter-level travel time spent in this place.
 D = Time resting spent in this place.
 E = Time spent auto-exploring this place.
 F = Levels seen in this place.
 G = Mean time per level.
                   A        B        C        D        E       F      G
               +--------+--------+--------+--------+--------+-----+--------+
         Total |   3625 |   3563 |     62 |    798 |   2171 |   3 | 1208.3 |
       Dungeon |   3625 |   3563 |     62 |    798 |   2171 |   3 | 1208.3 |
               +--------+--------+--------+--------+--------+-----+--------+

Top non-repeatable levels by time:
     D:1: 1987 daAuts
     D:2: 1182 daAuts
     D:3: 455 daAuts
